 Dungeon Crawl Stone Soup version 0.18-a0-1542-g9c1a92e (webtiles) character file.

7931 Tomstefer the Severer (level 11, 0/104 HPs)
             Began as a Hill Orc Berserker on Mar 10, 2016.
             Was a High Priest of Trog.
             Killed from afar by a starcursed mass (9 damage)
             ... with an accursed screaming
             ... on level 2 of the Abyss.
             The game lasted 00:21:35 (10237 turns).

Tomstefer the Severer (Hill Orc Berserker)         Turns: 10237, Time: 00:21:35

Health: 0/104      AC: 22    Str: 22    XL:     11   Next: 23%
Magic:  11/11      EV:  9    Int: 13    God:    Trog [*****.]
Gold:   227        SH:  0    Dex: 17    Spells: 0 memorised, 10 levels left

rFire  x . .     SeeInvis +     d - +5 battleaxe "Fuiffosh" {chop, rElec rN+ SInv Stlth+}
rCold  + . .     Gourm    .     i - +7 chain mail of the Harvest {rF- Int+6 Slay+6}
rNeg   + . .     Faith    .     (shield currently unavailable)
rPois  .         Spirit   .     H - +2 helmet
rElec  +         Dismiss  .     u - +0 cloak {+Inv}
rCorr  .         Reflect  .     q - +0 pair of gloves
SustAt .         Harm     .     (no boots)
MR     ++...                    (no amulet)
Stlth  ..........               r - +5 ring of dexterity
                                y - ring of protection from cold

@: very slightly contaminated, regenerating, very resistant to hostile
enchantments, extremely unstealthy
A: no striking features
a: Berserk, Trog's Hand, Brothers in Arms, Burn Spellbooks, Renounce Religion,
Evoke Invisibility


You were on level 2 of the Abyss.
You worshipped Trog.
Trog was extremely pleased with you.
You were not hungry.

You visited 1 branch of the dungeon, and saw 9 of its levels.
You visited the Abyss 1 time.

You collected 557 gold pieces.
You spent 330 gold pieces at shops.

Inventory:

Hand Weapons
 a - a +1 hand axe
 d - the +5 battleaxe "Fuiffosh" (weapon) {chop, rElec rN+ SInv Stlth+}
   (You acquired it on level 8 of the Dungeon)

   It inflicts extra damage upon your enemies.
   It insulates you from electricity.
   It protects you from negative energy.
   It lets you see invisible.
   It makes you more stealthy.
 I - a +3 battleaxe of electrocution
Armour
 i - the +7 chain mail of the Harvest (worn) {rF- Int+6 Slay+6}
   (You found it on level 4 of the Dungeon)

   It affects your intelligence (+6).
   It affects your accuracy and damage with ranged weapons and melee attacks
   (+6).
   It makes you vulnerable to fire.
 q - a +0 pair of gloves (worn)
 u - a +0 cloak of invisibility (worn)
 G - a +1 scale mail of fire resistance
 H - a +2 helmet (worn)
Rods
 z - a +2 rod of shadows (13/13)
   (You found it on level 7 of the Dungeon)
Jewellery
 r - a +5 ring of dexterity (right hand)
 y - a ring of protection from cold (left hand)
Wands
 b - a wand of polymorph (7/24)
 h - a wand of flame (20/48)
 w - a wand of teleportation (0/9)
 K - a wand of flame (16/48)
Scrolls
 e - a scroll of remove curse
 f - 3 scrolls of teleportation
 p - a scroll of identify
 t - a scroll of fog
 A - a scroll of blinking {unknown}
 B - a scroll of magic mapping
 C - a scroll of enchant weapon
Potions
 j - 3 potions of curing
 k - 2 potions of berserk rage
 n - 2 potions of magic
 o - 4 potions of might
 s - 2 potions of flight
 D - 2 potions of agility
 F - a potion of ambrosia
 N - 2 potions of cancellation
Books
 v - a book of Changes

   Spells                             Type                      Level
   a - Beastly Appendage              Transmutation                1
   b - Sticks to Snakes               Transmutation                2
   c - Spider Form                    Transmutation/Poison         3
   d - Ice Form                       Ice/Transmutation            4
   e - Blade Hands                    Transmutation                5
   Trog disapproves of the use of such an item.
 E - a Young Poisoner's Handbook

   Spells                             Type                      Level
   a - Sting                          Conjuration/Poison           1
   b - Cure Poison                    Poison                       2
   c - Mephitic Cloud                 Conjuration/Poison/Air       3
   d - Olgreb's Toxic Radiance        Poison                       4
   e - Venom Bolt                     Conjuration/Poison           5
   Trog disapproves of the use of such an item.
Comestibles
 c - 8 bread rations
 g - 2 royal jellies
 l - a slice of pizza
 m - 3 meat rations
 x - a beef jerky
 J - 3 fruits


   Skills:
 + Level 11.7 Fighting
 * Level 16.5 Axes
 + Level 5.6 Armour
 - Level 1.5 Dodging


You had 10 spell levels left.
You didn't know any spells.

Dungeon Overview and Level Annotations

Branches:
Dungeon (9/15)             Temple (0/1) D:6
   Lair: D:8-11         Orc: D:9-12

Altars:
Ashenzari
Fedhas
Okawaru
Pakellas
Qazlal
Trog
Zin

Shops:
D:8 %?%*=

Annotations:
D:9 Psyche


Message History

An apocalypse crab comes into view.
A starcursed mass comes into view.
Your extra speed is starting to run out.
A starcursed mass splits.
A chorus of shrieks assaults your mind.
* * * LOW HITPOINT WARNING * * *
A starcursed mass splits.
A starcursed mass splits.
A chorus of shrieks assaults your mind.
* * * LOW HITPOINT WARNING * * *
A starcursed mass splits.
There are monsters nearby!
There are monsters nearby!
There are monsters nearby!
Your skin crawls.
You feel resistant to hostile enchantments.
You feel slightly more hungry.
You feel yourself slow down. A chorus of shrieks assaults your mind.
You die...

.# #.#... .
...#
#....##.#
#...##.######
#......#
#.##.### #.
#t#.## #
#.#.#.# .
#.XX.## #X
.##@# #..X.
### ..##.#
#.. .# #. ##


You could see 2 starcursed masses and an apocalypse crab.

Vanquished Creatures
  A thrashing horror (Abyss:2)
  Pikel (D:5)
  A wizard (Abyss:2)
  The ghost of Tomstefer the Cleaver, a novice HOBe of Trog (D:5)
  A gargoyle (D:7)
  A raiju (Abyss:2)
  Sigmund (D:3)
  5 yaks (D:9)
  A hungry ghost (D:7)
  A hippogriff (D:7)
  A small abomination (Abyss:2)
  Edmund (D:4)
  A water moccasin (D:8)
  A sky beast (D:6)
  3 slaves (D:5)
  A black bear (D:9)
  4 ogres
  6 centaurs
  2 big kobolds
  A gnoll sergeant (D:8)
  2 giant frogs
  3 scorpions
  6 killer bees (D:8)
  5 crimson imps
  9 starcursed masses
  2 hounds
  2 orc priests (D:8)
  Crazy Yiuf (D:5)
  A giant frog skeleton (D:4)
  A gnoll shaman (D:6)
  6 orc wizards
  A centaur skeleton (D:5)
  2 iguanas
  Natasha (thrice) (D:3)
  3 worker ants
  A killer bee zombie (D:7)
  2 hound skeletons (D:4)
  52 gnolls
  8 adders
  A howler monkey skeleton (D:6)
  4 shadow imps
  An ooze (D:2)
  2 adder zombies
  4 worms
  3 dart slugs (D:1)
  10 giant geckos
  34 orcs
  A ball python (D:7)
  10 bats
  5 giant cockroaches
  8 goblins
  4 hobgoblins
  36 jackals
  18 kobolds
  5 quokkas
  A giant gecko skeleton (D:8)
  3 giant newts
  A jackal zombie (D:6)
  A quokka skeleton (D:8)
  A quokka zombie (D:8)
  3 rats
301 creatures vanquished.

Vanquished Creatures (others)
  2 fungi (D:3)
2 creatures vanquished.

Grand Total: 303 creatures vanquished

Notes
Turn   | Place    | Note
--------------------------------------------------------------
     0 | D:1      | Tomstefer the Hill Orc Berserker began the quest for the Orb.
     0 | D:1      | Reached XP level 1. HP: 19/19 MP: 1/1
    41 | D:1      | Reached XP level 2. HP: 25/27 MP: 2/2
   295 | D:1      | Reached XP level 3. HP: 33/33 MP: 3/3
   297 | D:1      | Reached skill level 5 in Axes
   560 | D:1      | Reached ** piety under Trog
  1383 | D:2      | Reached XP level 4. HP: 37/41 MP: 4/4
  1743 | D:2      | Reached skill level 6 in Axes
  2355 | D:3      | Noticed Sigmund
  2371 | D:3      | Killed Sigmund
  2371 | D:3      | Reached skill level 5 in Fighting
  2371 | D:3      | Reached skill level 7 in Axes
  2371 | D:3      | Reached XP level 5. HP: 34/48 MP: 5/5
  2371 | D:3      | Reached XP level 6. HP: 39/56 MP: 6/6
  2524 | D:3      | Noticed Natasha
  2535 | D:3      | Killed Natasha
  2543 | D:3      | Reached skill level 8 in Axes
  2585 | D:3      | Noticed Natasha
  2616 | D:3      | Killed Natasha
  2616 | D:3      | Reached *** piety under Trog
  2780 | D:3      | Noticed Natasha
  2786 | D:3      | Killed Natasha
  3075 | D:3      | Found a blossoming altar of Fedhas.
  3283 | D:4      | Reached XP level 7. HP: 56/62 MP: 7/7
  3306 | D:4      | Got an ancient chain mail
  3317 | D:4      | Identified the +7 chain mail of the Harvest {rF- Int+6 Slay+6} (You found it on level 4 of the Dungeon)
  3408 | D:4      | Noticed Edmund
  3412 | D:4      | Killed Edmund
  3412 | D:4      | Reached skill level 9 in Axes
  3623 | D:4      | Reached skill level 10 in Axes
  3623 | D:4      | Reached XP level 8. HP: 35/71 MP: 8/8
  3841 | D:4      | Found an iron altar of Okawaru.
  3854 | D:4      | Reached **** piety under Trog
  4268 | D:5      | Entered Level 5 of the Dungeon
  4505 | D:5      | Found a glowing silver altar of Zin.
  4506 | D:5      | Found a bloodstained altar of Trog.
  4675 | D:5      | Got an encrusted mace
  4678 | D:5      | Noticed Crazy Yiuf
  4683 | D:5      | Killed Crazy Yiuf
  4920 | D:5      | Noticed Tomstefer's ghost (novice HOBe)
  4947 | D:5      | Killed Tomstefer's ghost
  4947 | D:5      | Reached skill level 11 in Axes
  5439 | D:5      | Noticed Pikel
  5454 | D:5      | Killed Pikel
  5454 | D:5      | Reached skill level 12 in Axes
  5454 | D:5      | Reached XP level 9. HP: 82/82 MP: 9/9
  6176 | D:6      | Reached skill level 13 in Axes
  6683 | D:6      | Found a staircase to the Ecumenical Temple.
  6741 | D:6      | Found an oddly glowing altar of Pakellas.
  6769 | D:6      | Found a blossoming altar of Fedhas.
  6862 | D:6      | Reached ***** piety under Trog
  7316 | D:7      | Found a shattered altar of Ashenzari.
  7430 | D:7      | Reached skill level 14 in Axes
  7522 | D:7      | Noticed a gargoyle
  7532 | D:7      | Killed a gargoyle
  7532 | D:7      | Reached skill level 10 in Fighting
  7532 | D:7      | Reached XP level 10. HP: 93/93 MP: 10/10
  8153 | D:7      | Found a stormy altar of Qazlal.
  8581 | D:8      | Found Lifiga's Magic Scroll Emporium.
  8594 | D:8      | Found Uteikeot's General Store.
  8616 | D:8      | Received a gift from Trog
  8676 | D:8      | Reached skill level 15 in Axes
  8718 | D:8      | Found Gaaquilupn's Food Shoppe.
  8849 | D:8      | Found Jitafo's Food Boutique.
  9274 | D:8      | Found Riegug's Jewellery Boutique.
  9277 | D:8      | Bought an uncursed amulet of harm for 330 gold pieces
  9290 | D:8      | Identified the +8 mace of the Ecumenical Temple {crush, +Blink Int+5 Dex-3} (You found it on level 5 of the Dungeon)
  9296 | D:8      | Identified a scroll of acquirement
  9297 | D:8      | Got a pitted battleaxe
  9303 | D:8      | Identified the +5 battleaxe "Fuiffosh" {chop, rElec rN+ SInv Stlth+} (You acquired it on level 8 of the Dungeon)
  9915 | D:9      | Noticed Psyche
  9918 | D:9      | Cast into level 1 of the Abyss (Psyche)
  9928 | Abyss:1  | Noticed a large abomination
  9955 | Abyss:1  | Noticed a starcursed mass
  9993 | Abyss:1  | Killed a starcursed mass
  9999 | Abyss:1  | Killed a starcursed mass
 10000 | Abyss:1  | Killed a starcursed mass
 10000 | Abyss:1  | Reached skill level 16 in Axes
 10000 | Abyss:1  | Reached skill level 5 in Armour
 10049 | Abyss:1  | Noticed a tentacled starspawn
 10102 | Abyss:2  | Noticed a rakshasa
 10102 | Abyss:2  | Noticed a starcursed mass
 10106 | Abyss:2  | Reached XP level 11. HP: 77/102 MP: 11/11
 10126 | Abyss:2  | Noticed a wizard
 10138 | Abyss:2  | Killed a wizard
 10138 | Abyss:2  | Received a gift from Trog
 10177 | Abyss:2  | HP: 4/103 [starcursed mass/accursed screaming (15)]
 10215 | Abyss:2  | Noticed a thrashing horror
 10222 | Abyss:2  | Killed a thrashing horror
 10228 | Abyss:2  | Noticed a starcursed mass
 10237 | Abyss:2  | Killed from afar by a starcursed mass

Vault maps used:
D:1:      evilmike_arrival_rings
D:3:      fedhas_altar_3, uniq_sigmund, uniq_natasha
D:4:      okawaru_altar_gauntlet_db, first_bread, uniq_edmund
D:5:      gammafunk_temple_overflow_statue, uniq_pikel, uniq_crazy_yiuf_cottage
D:6:      lemuel_castle_with_subvaults, kennysheep_little_box,
          grunt_pakellas_sulfur, minmay_temple_entry_mist, minivault_24
D:7:      lemuel_coloured_pillars_altar, evilmike_ruin_ashenzari
D:8:      serial_shops, shop, shop, shop, shop_statue,
          nicolae_shop_window_shopping
D:9:      overflow_temple_1_default, lair_0_dummy, uniq_psyche
Abyss:2:  evilmike_abyss_exit_6, small_statue_intersection,
          evilmike_abyss_exit_12

Skill      XL: |  1  2  3  4  5  6  7  8  9 10 |
---------------+-------------------------------+-----
Fighting       | 4 5 6 8 10 11 | 11.7
Axes           | 5 7 8 10 12 14 16 | 16.5
Armour         | 5 |  5.6
Dodging        | |  1.5

Action                   |  1- 3 |  4- 6 |  7- 9 | 10-12 || total
-------------------------+-------+-------+-------+-------++-------
Melee: Hand axe          |   104 |   162 |   349 |   196 ||   811
       Unarmed           |       |     1 |       |       ||     1
       Battleaxe         |       |       |       |    63 ||    63
Invok: Berserk           |     1 |     3 |     6 |     3 ||    13
       Burn Spellbooks   |       |       |     1 |     2 ||     3
       Trog's Hand       |       |       |       |     3 ||     3
Evoke: Wand              |       |       |       |     1 ||     1
  Use: Scroll            |       |    10 |     3 |     8 ||    21
       Potion            |       |     1 |       |     1 ||     2
  Eat: Chunk             |     2 |    10 |    19 |    10 ||    41
       Bread ration      |       |       |       |     1 ||     1
